AoeStats
← weiln

QS Arena

503597628Analyzed
4v4 RM · 1mo ago on Sep 1, 2026· 24m 42s· 8 players
Game mode
Random Map
Map size
Large (8 player)
Population
200
Speed
Normal
Resources
Standard
Victory
Conquest
Starting age
Dark Age
Ending age
Imperial Age
RankedLock teamsTeams togetherTeam positionsShared explorationLock speedFull tech treeHidden civsTurbo modeCheats
Victory
Defeat
🇨🇳 Wei · China
1184
+14
🇨🇳 Italians · China
1184
+14
🇨🇳 Burgundians · China
1154
+15
🇨🇳 Bohemians · China
1147
+16
🇦🇷 Spanish · Argentina
1180
-17
🇲🇽 Romans · Mexico
1131
-14
🇩🇪 Britons · Germany
1131
-14
🇧🇷 Burgundians · Brazil
1121
-14
weiln
2:12 Double-Bit Axe
4:04 Horse Collar
8:37 Feudal Age
12:24 Castle Age
10:44 Bow Saw
14:12 Two-Man Saw
13:50 Heavy Plow
14:29 Loom
18:24 Wheelbarrow
19:15 Scale Mail Armor
20:42 Gold Mining
20:42 Stone Mining
21:09 Squires
21:35 Chain Mail Armor
21:31 Forging
23:44 Hand Cart
24:32 Town Watch
zzx
6:42 Feudal Age
7:12 Double-Bit Axe
7:10 Horse Collar
7:22 Gold Mining
7:55 Stone Mining
11:32 Wheelbarrow
12:10 Wheelbarrow
15:33 Castle Age
15:02 Fletching
15:22 Loom
16:28 Bow Saw
16:21 Heavy Plow
16:58 Gold Shaft Mining
19:15 Bodkin Arrow
19:21 Padded Archer Armor
19:35 Bloodlines
19:25 Husbandry
20:30 Stone Shaft Mining
20:56 Ballistics
22:22 Leather Archer Armor
23:55 Thumb Ring
Takeda-Shingen
8:33 Feudal Age
9:21 Horse Collar
13:29 Castle Age
12:03 Double-Bit Axe
19:24 Imperial Age
19:31 Chemistry
21:13 Bow Saw
23:58 Wheelbarrow
602406569
0:41 Loom
9:43 Feudal Age
10:53 Horse Collar
11:01 Double-Bit Axe
18:12 Castle Age
16:20 Gold Mining
18:13 Stone Mining
20:55 Thumb Ring
Fs. Ô FOKA
3:24 Double-Bit Axe
4:17 Horse Collar
8:01 Feudal Age
8:03 Loom
12:43 Castle Age
11:24 Bow Saw
11:43 Heavy Plow
21:24 Two-Man Saw
22:36 Crop Rotation
Lichtenauer_OP
9:22 Feudal Age
10:48 Double-Bit Axe
13:23 Castle Age
11:30 Horse Collar
14:42 Bow Saw
14:36 Heavy Plow
21:21 Gold Mining
21:12 Crossbowman
22:12 Fletching
23:55 Padded Archer Armor
PERMANED22
6:00 Loom
8:36 Feudal Age
13:20 Castle Age
11:52 Double-Bit Axe
Rodro JETS
8:22 Feudal Age
9:57 Loom
12:44 Castle Age
11:16 Double-Bit Axe
11:41 Horse Collar
14:26 Wheelbarrow
14:17 Fervor
17:25 Sanctity
19:56 Scale Barding Armor
20:01 Forging
20:43 Hand Cart
21:03 Redemption
21:11 Town Watch
21:37 Heavy Plow
23:23 Gold Mining
Connection lost

Rejoining the realm…

Still unreachable

The connection could not be restored.

Session expired

The server has moved on; the page needs a fresh start.